 Dungeon Crawl Stone Soup version 0.31.0-11-ge490571c62 (webtiles) character file.

Game seed: 16276440233287437739

488 magipi the Firebug (level 6, -12/32 HPs)
             Began as a Deep Elf Fire Elementalist on Feb 4, 2024.
             Mangled by a sleepcap (18 damage)
             ... on level 5 of the Dungeon.
             The game lasted 00:11:04 (4020 turns).

magipi the Firebug (Deep Elf Fire Elementalist)     Turns: 4020, Time: 00:11:05

Health: -12/32     AC:  4    Str:  5    XL:     6   Next: 90%
Magic:  4/12       EV:  2    Int: 22    God:
Gold:   210        SH:  0    Dex: 15    Spells: 4/11 levels left

rFire   . . .        a - +3 dagger (venom)
rCold   . . .        (no shield)
rNeg    . . .        g - +0 robe
rPois   .            (no helmet)
rElec   .            (no cloak)
rCorr   .            t - +1 pair of gloves
SInv    .            (no boots)
Will    +....        (no amulet)
Stlth   ++           m - ring of willpower
HPRegen 0.25/turn    z - ring of wizardry
MPRegen 0.13/turn

%: wizardry (x1)
@: sleeping, very slightly contaminated
A: no striking features
a: no special abilities


You were on level 5 of the Dungeon.
You visited 1 branch of the dungeon, and saw 5 of its levels.

You collected 210 gold pieces.

Inventory:

Hand Weapons
 a - a +3 dagger of venom (weapon)
Missiles
 f - 4 curare-tipped darts (quivered)
 w - 3 boomerangs
Armour
 d - a +0 ring mail of fire resistance
 g - a +0 robe (worn)
 k - a +2 buckler
 t - a +1 pair of gloves (worn)
Magical Staves
 b - a staff of conjuration
Jewellery
 i - a ring of see invisible
 l - a ring of ice
 m - a ring of willpower (left hand)
 z - a ring of wizardry (right hand)
Scrolls
 q - a scroll of fear
 s - 4 scrolls of teleportation
Potions
 c - a potion of invisibility
 e - a potion of enlightenment
 h - a potion of mutation
 n - a potion of ambrosia
 u - 2 potions of degeneration
 v - a potion of lignification
 x - a potion of curing {unknown}
 A - a potion of might {unknown}


   Skills:
 - Level 2.4 Dodging
 - Level 2.4 Stealth
 - Level 3.0 Spellcasting
 + Level 5.6 Conjurations
 + Level 6.5 Fire Magic


You had 4 spell levels left.
You knew the following spells:

 Your Spells              Type           Power      Damage    Failure   Level
a - Foxfire               Conj/Fire      100%       2x1d9     1%          1
b - Scorch                Fire           64%        2d7       1%          2
F - Flame Wave            Conj/Fire      30%        2d9       4%          4

Your spell library contained the following spells:

 Spells                   Type           Power      Damage    Failure   Level
 Magic Dart               Conj           100%       1d8       1%          1
 Searing Ray              Conj           56%        2d6       1%          2
 Inner Flame              Hex/Fire       17%        N/A       4%          3
 Volatile Blastmotes      Fire/Tloc      34%        2d12      4%          3
 Fulminant Prism          Conj/Alch      7%         3d7       16%         4
 Animate Dead             Necr           3%         N/A       43%         4
 Haunt                    Necr/Summ      1%         N/A       100%        7
 Infestation              Necr           1%         N/A       100%        8


Dungeon Overview and Level Annotations

Branches:
Dungeon (5/15)
 Temple: D:4-7

Altars:
Fedhas
Nemelex Xobeh
Okawaru
Zin

Annotations:
D:5 1 transporter


Message History

* * * LOW HITPOINT WARNING * * *
An orc comes into view. It is wielding a +0 flail.
Unknown command.
Unknown command.
Casting: Scorch (safe; 1% risk of failure)
Confirm with . or Enter, or press ? or * to list all spells.
Okay, then.
Unknown command.
Unknown command.
Unknown command.
Casting: Flame Wave (quite dangerous; 4% risk of failure)
Confirm with . or Enter, or press ? or * to list all spells.
Casting: Flame Wave (quite dangerous; 4% risk of failure)
Press: ? - help, Dir - look around, f - activate You miscast Flame Wave.
You are very lightly contaminated with residual magic.
Nothing appears to happen.
The hound closely misses you. The sleepcap barely misses you.
Unknown command.
Unknown command.
Casting: Flame Wave (quite dangerous; 4% risk of failure)
Confirm with . or Enter, or press ? or * to list all spells.
Casting: Flame Wave (quite dangerous; 4% risk of failure)
Press: ? - help, Dir - look around, f - activate A wave of flame ripples out!
The flame wave engulfs the sleepcap!
The sleepcap is burned terribly!
The sleepcap is severely damaged.
The flame wave engulfs the hound.
The hound is lightly wounded. (Press . to intensify the flame waves.)
The hound bites you.
* * * LOW HITPOINT WARNING * * *
The sleepcap releases spores at you.
* * * LOW HITPOINT WARNING * * *
You are engulfed in a cloud of soporific spores!
You fall asleep.
The hound barely misses you. The hound bites you but does no damage.
The sleepcap releases spores at you!!
Ouch! That really hurt!
You die...

# ..##. #. )....
#. ..... #.) ...#
#.)#####+##..:##.
#..o......>......
#...fo...........
#...h@..(........
#.........#......
#..##.....# #####
#+# #....##
#.....# #.....#
#..<..# #######


You could see a sleepcap (combustible), a hound, an orc priest and an orc.

Vanquished Creatures
  2 black bears (D:4)
  A scorpion (D:4)
  A bombardier beetle (D:5)
  An orc priest (D:4)
  A jelly (D:5)
  An iguana (D:3)
  5 adders
  3 dart slugs
  3 ribbon worms
  13 orcs
  7 ball pythons
  2 bats
  2 endoplasms
  3 giant cockroaches
  4 hobgoblins
  3 jackals (D:2)
  10 kobolds
  2 frilled lizards
  6 goblins
  6 rats
76 creatures vanquished.

Vanquished Creatures (others)
  35 foxfires
35 creatures vanquished.

Grand Total: 111 creatures vanquished

Notes
Turn   | Place    | Note
-------+----------+-------------------------------------------
     0 | D:1      | magipi the Deep Elf Fire Elementalist began the quest for
                  | the Orb.
     0 | D:1      | Reached XP level 1. HP: 10/10 MP: 6/6
   242 | D:1      | Reached XP level 2. HP: 15/15 MP: 5/8
   647 | D:1      | Learned a level 2 spell: Scorch
   811 | D:1      | Found a glowing silver altar of Zin.
   873 | D:2      | Found a faded altar of an unknown god.
   988 | D:2      | Reached skill level 4 in Fire Magic
  1115 | D:2      | Reached XP level 3. HP: 19/19 MP: 0/9
  1430 | D:2      | Found a blossoming altar of Fedhas.
  2269 | D:3      | Found a sparkling altar of Nemelex Xobeh.
  2274 | D:3      | Found an iron altar of Okawaru.
  2823 | D:4      | Reached XP level 4. HP: 24/24 MP: 5/10
  3036 | D:3      | Learned a level 4 spell: Flame Wave
  3163 | D:4      | Reached skill level 5 in Fire Magic
  3313 | D:4      | Noticed a scorpion
  3326 | D:4      | Killed a scorpion
  3327 | D:4      | Reached XP level 5. HP: 25/28 MP: 4/11
  3520 | D:4      | Noticed a black bear
  3524 | D:4      | Killed a black bear
  3525 | D:4      | Reached XP level 6. HP: 32/32 MP: 9/12
  3537 | D:4      | Reached skill level 5 in Conjurations
  3537 | D:4      | Reached skill level 6 in Fire Magic
  3722 | D:5      | Entered Level 5 of the Dungeon
  3844 | D:5      | Found a transporter.
  4020 | D:5      | Mangled by a sleepcap

Illustrated notes

Levels and vault maps discovered:
D:1:      dpeg_arrival_water_altar, layout_loops_cross, minmay_misc_feat_roman
D:2:      layout_loops_corners, basic_altar, nicolae_ecumenical_pavilion
D:3:      layout_loops_ring, mainiacjoe_overflow_big_doors
D:4:      black_bear_nest_1, layout_rooms
D:5:      layout_gridville, gammafunk_ghost_gnarly_gnolls,
          kennysheep_generic_room_14

Skill      XL: |  1  2  3  4  5  6 |
---------------+-------------------+-----
Conjurations   | 2 3 4 5 |  5.6
Fire Magic     | 4 5 6 |  6.5
Dodging        | |  2.4
Stealth        | |  2.4
Spellcasting   | |  3.0

Action                     |  1- 3 |  4- 6 || total
---------------------------+-------+-------++-------
  Melee: Unarmed           |     5 |       ||     5
         Dagger            |    10 |    17 ||    27
         Staff             |     5 |     1 ||     6
   Cast: Foxfire           |    21 |     2 ||    23
         Scorch            |    31 |    51 ||    82
         Flame Wave        |       |     1 ||     1
    Use: Scroll            |       |    13 ||    13
         Potion            |       |     1 ||     1
   Stab: Sleeping          |     1 |     1 ||     2
 Armour: Robe              |    12 |    35 ||    47
  Dodge: Dodged            |    26 |    25 ||    51
